 Dungeon Crawl Stone Soup version 0.31.0-10-gcf4a605ca0 (webtiles) character file.

Game seed: 2243706617666226333

2213965 iamserjio the Unforgettable (level 27, 336/351 HPs)
             Began as an Oni Summoner on Jan 25, 2024.
             Was the Champion of Hepliaklqana.
             Escaped with the Orb
             ... and 4 runes!
             The game lasted 02:36:19 (77319 turns).

iamserjio the Unforgettable (Oni Summoner)         Turns: 77319, Time: 02:36:19

Health: 336/351    AC: 27    Str: 32    XL:     27
Magic:  43/44      EV: 13    Int: 27    God:    Hepliaklqana [******]
Gold:   5817       SH: 25    Dex: 15    Spells: 23/60 levels left

rFire   + +          .
                       - Unarmed
rCold   + . .        S - +5 tower shield of Duck's Teeth {^Drain rF+ Str+4 Dex+2}
rNeg    + + .        (body armour currently unavailable)
rPois   ∞            (helmet unavailable)
rElec   +            H - scarf "Iceyshro" {+Inv, rF+ Int+3 Dex+2}
rCorr   .            (gloves unavailable)
SInv    .            (boots unavailable)
Will    ++++.        y - amulet of the Sharp God {Spirit Will+}
Stlth   +            w - ring of Light {+Blink rN+ Str+6 Dex+2 Stlth-}
HPRegen 0.78/turn    e - ring "Mastimap" {Fly rElec rC+}
MPRegen 0.29/turn

%: guardian spirit
@: statue-form, flying, very slow
A: slow and powerful, torment resistance 1, boosted hp, reduced essence, large,
unfitting armour, horns 3, (tough skin 1), double potion healing, drunken
brawling, (iridescent scales 2), deterioration 2, strong-willed 1, screaming 1
0: Orb of Zot
}: 4/15 runes: serpentine, barnacled, slimy, silver
a: Begin Untransformation, Renounce Religion, Evoke Blink, Evoke Invisibility,
Recall Ancestor, Ancestor Identity, Transference, Idealise


You escaped.
You worshipped Hepliaklqana.
Hepliaklqana was exalted by your worship.
You were a living statue of rough stone.
You visited 11 branches of the dungeon, and saw 55 of its levels.
You visited 2 bazaars.
You also visited: Trove, Ice Cave, Volcano and Wizlab.

You collected 11381 gold pieces.
You spent 5564 gold pieces at shops.

Inventory:

Missiles
 h - 13 throwing nets {!f}
Armour
 c - a +4 kite shield of fire resistance
 D - the scarf of Ferudd {rC+ rF+, Will+ Str+3 Dex-5}
   (You acquired it on level 3 of the Depths)

   Str+3:     It affects your strength (+3).
   Dex-5:     It affects your dexterity (-5).
   Will+:     It increases your willpower.
 H - the scarf "Iceyshro" (worn) {+Inv, rF+ Int+3 Dex+2}
   (You found it on level 3 of the Elven Halls)

   Int+3:     It affects your intelligence (+3).
   Dex+2:     It affects your dexterity (+2).
   rF+:       It protects you from fire.
 N - a +2 hat of willpower
 S - the +5 tower shield of Duck's Teeth (worn) {^Drain rF+ Str+4 Dex+2}
   (You acquired it on level 3 of the Depths)

   Str+4:     It affects your strength (+4).
   Dex+2:     It affects your dexterity (+2).
   rF+:       It protects you from fire.
   ^Drain:    It drains your maximum health when unequipped.
 Y - the scarf of Axichahe {repulsion, rC+++ Stlth-}
   (You found it on level 5 of the Realm of Zot)

   rC+++:     It renders you almost immune to cold.
   Stlth-:    It makes you less stealthy.
Jewellery
 a - a ring of protection from fire
 e - the ring "Mastimap" (right fist) {Fly rElec rC+}
   (You found it on level 4 of the Shoals)

   [ring of flight]

   rC+:       It protects you from cold.
   rElec:     It insulates you from electricity.
   Fly:       It grants you flight.
 i - a ring of wizardry
 k - a ring of fire
 w - the ring of Light (left fist) {+Blink rN+ Str+6 Dex+2 Stlth-}
   (You found it on level 3 of the Depths)

   [ring of strength]

   Str+6:     It affects your strength (+6).
   Dex+2:     It affects your dexterity (+2).
   rN+:       It protects you from negative energy.
   +Blink:    It lets you blink.
   Stlth-:    It makes you less stealthy.
 y - the amulet of the Sharp God (around neck) {Spirit Will+}
   (You took it off a deep elf blademaster on level 3 of the Elven Halls)

   [amulet of guardian spirit]

   Spirit:    It causes incoming damage to be divided between your reserves of
   health and magic.
   Will+:     It increases your willpower.
 A - a ring of resist corrosion
 B - the ring of Jewo {Fly SInv}
   (You found it on level 3 of the Depths)

   [ring of flight]

   SInv:      It lets you see invisible.
   Fly:       It grants you flight.
 J - the amulet "Risuoxao" {Regen+ Int+4}
   (You found it in a treasure trove)

   [amulet of regeneration]

   Int+4:     It affects your intelligence (+4).
   Regen+:    It increases your rate of health regeneration.
 K - the ring of Ceojaxyvosh {rN+ Will+ Stlth+}
   (You found it in a treasure trove)

   [ring of positive energy]

   rN+:       It protects you from negative energy.
   Will+:     It increases your willpower.
   Stlth+:    It makes you more stealthy.
 L - a +5 ring of evasion
 P - the ring "Itran" {rElec rPois MP-9 Str+4 Int+6}
   (You took it off a deep elf high priest on level 3 of the Elven Halls)

   [ring of intelligence]

   Str+4:     It affects your strength (+4).
   Int+6:     It affects your intelligence (+6).
   rElec:     It insulates you from electricity.
   rPois:     It protects you from poison MP-9: It affects your magic capacity
   (-9).
 R - a ring of protection from cold
 U - a +6 ring of intelligence
 W - a ring of resist corrosion
Talismans
 V - a granite talisman (active)
Wands
 g - a wand of iceblast (47) {@v2}
 j - a wand of charming (77)
 z - a wand of digging (21) {@v3}
 X - a wand of light (24)
Scrolls
 n - 15 scrolls of immolation
 p - 4 scrolls of blinking {@r4}
 r - 13 scrolls of teleportation {@r3}
 s - 7 scrolls of fog
 E - 2 scrolls of summoning
 F - 6 scrolls of fear
 Q - 3 scrolls of silence
Potions
 b - 10 potions of magic
 d - 12 potions of heal wounds {@q2}
 l - 10 potions of attraction
 m - 3 potions of invisibility
 o - 5 potions of enlightenment
 t - a potion of cancellation
 u - 11 potions of haste {@q4}
 v - 6 potions of mutation
 C - 7 potions of resistance {@q5}
 G - 25 potions of curing {@q1}
 M - 5 potions of berserk rage
 O - 10 potions of lignification
 T - 4 potions of ambrosia
 Z - 4 potions of might {@q3}
Miscellaneous
 f - a lightning rod (4/4)
 q - a box of beasts
 x - a condenser vane
 I - a phantom mirror


   Skills:
 - Level 22.0 Fighting
 - Level 10.0 Dodging
 - Level 1.4 Stealth
 - Level 17.1 Shields
 - Level 22.0 Unarmed Combat
 - Level 17.0 Spellcasting
 - Level 17.3 Summonings
 - Level 11.0 Translocations
 - Level 5.0 Air Magic
 + Level 22.9 Invocations
 * Level 8.1 Evocations
 - Level 16.0 Shapeshifting


You had 23 spell levels left.
You knew the following spells:

 Your Spells              Type           Power      Damage    Failure   Level
a - Passwall              Erth           22%        N/A       11%         3
b - Summon Forest         Summ/Tloc      39%        N/A       1%          5
c - Malign Gateway        Summ/Tloc      39%        N/A       10%         7
d - Summon Lightning Spi  Summ/Air       70%        N/A       1%          4
e - Apportation           Tloc           100%       N/A       1%          1
f - Passage of Golubria   Tloc           70%        N/A       1%          4
g - Blink                 Tloc           100%       N/A       1%          2
h - Lesser Beckoning      Tloc           100%       N/A       1%          2
i - Dragon's Call         Summ           43%        N/A       97%         9

Your spell library contained the following spells:

 Spells                   Type           Power      Damage    Failure   Level
 Summon Small Mammal      Summ           100%       N/A       0%          1
 Call Imp                 Summ           100%       N/A       0%          2
 Call Canine Familiar     Summ           86%        N/A       0%          3
 Shock                    Conj/Air       100%       1d9       1%          1
 Momentum Strike          Conj/Tloc      100%       3d10      1%          2
 Gell's Gravitas          Tloc           70%        N/A       1%          3
 Swiftness                Air            49%        N/A       1%          3
 Teleport Other           Tloc           70%        N/A       1%          3
 Volatile Blastmotes      Fire/Tloc      100%       2d18      1%          3
 Animate Armour           Summ/Erth      100%       N/A       1%          4
 Martyr's Knell           Necr/Summ      62%        N/A       1%          4
 Summon Blazeheart Golem  Fire/Summ      62%        N/A       1%          4
 Cigotuvi's Dreadful Rot  Necr/Alch/Air  62%        N/A       2%          2
 Summon Hydra             Summ           43%        N/A       2%          7
 Foxfire                  Conj/Fire      88%        2x1d8     3%          1
 Freeze                   Ice            88%        1d9       3%          1
 Kiss of Death            Conj/Necr      88%        2d12      3%          1
 Necrotise                Necr           88%        1d8       3%          1
 Sandblast                Erth           44%        2d11      3%          1
 Slow                     Hex            88%        N/A       3%          1
 Sting                    Conj/Alch      88%        1d8       3%          1
 Dimensional Bullseye     Hex/Tloc       25%        N/A       3%          4
 Iskenderun's Mystic Bla  Conj/Tloc      51%        2d11      3%          4
 Airstrike                Air            24%        2d(4-20)  4%          4
 Ensorcelled Hibernation  Hex/Ice        44%        N/A       5%          2
 Jinxbite                 Hex            44%        N/A       5%          2
 Confusing Touch          Hex            22%        N/A       11%         3
 Dazzling Flash           Conj/Hex       44%        N/A       11%         3
 Frozen Ramparts          Ice            44%        1d7       11%         3
 Fugue of the Fallen      Necr           22%        N/A       11%         3
 Inner Flame              Hex/Fire       22%        N/A       11%         3
 Ozocubu's Armour         Ice            22%        N/A       11%         3
 Sigil of Binding         Hex            22%        N/A       11%         3
 Stone Arrow              Conj/Erth      44%        3d9       11%         3
 Tukima's Dance           Hex            22%        N/A       11%         3
 Vampiric Draining        Necr           22%        2d7       11%         3
 Summon Horrible Things   Summ           43%        N/A       21%         8
 Anguish                  Hex/Necr       11%        N/A       34%         4
 Brom's Barrelling Bould  Conj/Erth      22%        2d4       34%         4
 Cause Fear               Hex            11%        N/A       34%         4
 Dispel Undead            Necr           22%        3d12      34%         4
 Flame Wave               Conj/Fire      22%        2d8       34%         4
 Ignite Poison            Fire/Alch      22%        N/A       34%         4
 Sticky Flame             Fire/Alch      22%        2d6       34%         4
 Silence                  Hex/Air        18%        N/A       34%         5
 Freezing Cloud           Conj/Ice/Air   15%        6-21      45%         5
 Haunt                    Necr/Summ      31%        N/A       65%         7
 Spellforged Servitor     Conj/Summ      31%        N/A       65%         7
 Borgnjor's Vile Clutch   Necr/Erth      11%        N/A       69%         5
 Curse of Agony           Necr           22%        N/A       69%         5
 Irradiate                Conj/Alch      11%        3d15      69%         5
 Metabolic Englaciation   Hex/Ice        11%        N/A       69%         5
 Yara's Violent Unravell  Hex/Alch       11%        3d6       69%         5
 Conjure Ball Lightning   Conj/Air       18%        3x3d6     89%         6
 Plasma Beam              Fire/Air       18%        2x1d29    89%         6
 Disjunction              Tloc           35%        N/A       95%         8
 Eringya's Noxious Bog    Alch           11%        4d6       99%         6
 Sculpt Simulacrum        Ice/Alch       11%        N/A       99%         6
 Starburst                Conj/Fire      11%        6d5       99%         6
 Enfeeble                 Hex            11%        N/A       100%        7
 Orb of Destruction       Conj           11%        9d6       100%        7
 Borgnjor's Revivificati  Necr           11%        N/A       100%        8
 Discord                  Hex            11%        N/A       100%        8
 Ignition                 Fire           11%        3d5       100%        8
 Lehudib's Crystal Spear  Conj/Erth      11%        10d4      100%        8
 Maxwell's Capacitive Co  Air            24%        ∞         100%        8
 Death's Door             Necr           11%        N/A       100%        9
 Polar Vortex             Ice            11%        12d1*     100%        9
 Sublimation of Blood     Necr           Unusable   N/A       N/A         2

Dungeon Overview and Level Annotations

Branches:
Dungeon (15/15)            Temple (0/1) D:6            Lair (5/5) D:11
 Shoals (4/4) Lair:2        Snake (4/4) Lair:3        Slime (5/5) Lair:5
    Orc (2/2) D:9             Elf (3/3) Orc:2        Vaults (5/5) D:14
  Crypt (3/3) Vaults:2       Tomb (0/3) Crypt:3      Depths (4/4) D:15
    Zot (5/5) Depths:4      IceCv (visited)         Volcano (visited)
 WizLab (visited)

Altars:
Ashenzari
Cheibriados
Dithmenos
Gozag
Hepliaklqana
Kikubaaqudgha
Makhleb
Nemelex Xobeh
Qazlal
Ru
Sif Muna
Trog
Uskayaw
Vehumet
Wu Jian
Xom
Yredelemnul
The Shining One
Jiyva

Shops:
Orc:2 (*[?   Elf:3 [   Shoals:4 !   Snake:2 *[!   Snake:3 :=   Vaults:5 !
Depths:1 :

Portals:
Hell: Depths:1 Depths:2 Depths:3 Depths:4
Abyss: Depths:1 Depths:3 Depths:4
Pandemonium: Depths:2
Ziggurat: Depths:1

Annotations:
Orc:2 1 exclusion
Crypt:2 2 transporters, Waammiq's ghost, veteran GrEE
Depths:3 2 transporters


Innate Abilities, Weirdness & Mutations

You are a living statue of rough stone.
Your actions are slow, but your melee attacks are powerful.
You are resistant to unholy torment.
Your maximum health is greatly increased.
Your equipment is partially melded.
Your life essence is reduced to manifest your ancestor. (-10% HP)
You are too large for most types of armour.
You are immune to poison.
You have a pair of large horns on your head.
((You have tough skin. (AC +1)))
You gain doubled healing and magic from potions.
Whenever you drink a healing potion, you attack all around you.
((You are mostly covered in iridescent scales. (AC +4)))
Your body often deteriorates upon taking damage.
You are strong-willed. (Will+)
You occasionally shout uncontrollably at your foes.


Message History

The profane servitor hits Vojtech with a +2 demon whip!
The profane servitor misses Vojtech.
Vojtech hits the profane servitor with a +0 lajatang of freezing!
Vojtech freezes the profane servitor.
The profane servitor barely misses Vojtech.
The profane servitor closely misses Vojtech.
Vojtech hits the profane servitor with a +0 lajatang of freezing!!!
Vojtech freezes the profane servitor.
The profane servitor hits Vojtech with a +2 demon whip.
The profane servitor hits Vojtech with a +2 demon whip!
Vojtech barely misses the profane servitor.
The profane servitor hits Vojtech with a +2 demon whip!! x2
Vojtech is destroyed!
You pummel the profane servitor!! You headbutt the profane servitor!
The profane servitor completely misses you.
You block the profane servitor's attack. x3
You punch the profane servitor!
Your headbutt misses the profane servitor.
The profane servitor hits you but does no damage. x2
You barely miss the profane servitor.
The profane servitor hits you but does no damage. x2
You block the profane servitor's attack. x2
You pulverise the profane servitor!!!!
You destroy the profane servitor!
A ynoxinul comes into view.
The ynoxinul gestures.
A smoke demon comes into view.
The smoke demon roars!
You block the ufetubus's attack. x2
The ufetubus attacks as it pursues you! You block the ufetubus's attack. x2
The smoke demon gestures at you. Something smites you!
You block the ufetubus's attack. x2
The smoke demon gestures at you. Something smites you! The ufetubus misses you.
The ufetubus hits you but does no damage.
The ynoxinul gestures.
The ufetubus shouts!
There is a staircase leading out of the dungeon here.
The ynoxinul gestures.
You have escaped!

..#####.#..........##########
###...#....###..............#
##.........#.#.#.#.#.######.#####
#...........#.#.#.#...# #......
#..........#.#.#.#.#..# ##.....
#...........#.#.#.#.#.# #.....
##.........#.~≈≈≈≈.##.# #.....
##...#.....#~...≈#...# #.....
#####.##.#.~..8≈.#..# #.....
##### #.#...#~5..≈#5..## #...÷.
....# #.#..#.~≈≈≈≈5#...######.##.
....###.#...#.#.#3#5....##....##.
....##..#..#.#5#.#5#.......######
....##.##...#.#.#.#.3.###..##
....##.##..#.#.#.#.#.&......#
....##.##.h...######..###...#####
.......##.#.#....####3##..#......


You could see Jelunum (wandering), a smoke demon, a ynoxinul, a hell hound
(wandering) and 6 ufetubi.

Vanquished Creatures
  the Royal Jelly (Slime:5)
  Dissolution (Slime:4)
  4 dread liches
  3 orbs of fire (Zot:5)
  A Killer Klown (Zot:5)
  Bai Suzhen (Crypt:3)
  7 caustic shrikes
  Nikola (Vaults:1)
  3 golden dragons
  A profane servitor (D:1)
  A bone dragon (Crypt:3)
  A hellephant (D:15)
  2 electric golems (Zot:5)
  An Ice Fiend (Depths:3)
  4 liches
  18 Orb Guardians
  5 tentacled monstrosities
  The ghost of Xafer the Impaler, an adept DsGl of Okawaru (Vaults:4)
  4 titans
  2 deep elf blademasters
  3 quicksilver dragons
  11 acid blobs
  7 sphinxes
  A death cob (Zot:5)
  3 ancient champions
  2 krakens
  4 shadow dragons
  4 storm dragons
  4 tengu reavers
  Donald (Shoals:1)
  4 revenants
  8 azure jellies (Slime:5)
  3 rockslimes (Slime:5)
  6 nagarajas
  A protean progenitor (Zot:1)
  3 draconian knights
  7 fire giants
  2 iron dragons (Depths:3)
  A draconian shifter (Zot:4)
  7 frost giants
  2 deep elf sorcerers (Elf:3)
  17 vault wardens
  3 deep elf elementalists (Elf:3)
  2 balrugs
  A ghoul (Crypt:2)
  An orc warlord (Orc:2)
  A curse skull (Crypt:2)
  2 reapers
  24 ironbound preservers
  A draconian scorcher (Zot:1)
  A spectral caustic shrike (WizLab)
  A spriggan defender (Depths:2)
  5 quicksilver oozes (Slime:5)
  6 draconian annihilators
  21 stone giants
  A demonspawn blood saint (Zot:1)
  9 very ugly things
  2 formless jellyfish
  2 ironbound thunderhulks
  6 vampire knights
  8 deep elf death magi
  5 green draconians
  2 black draconians
  3 deep elf demonologists (Elf:3)
  The ghost of kaychamo the Acrobat, a journeyman FeSh of Dithmenos (Snake:1)
  3 dire elephants
  5 war gargoyles
  2 red draconians
  4 purple draconians
  7 spark wasps
  4 deep elf annihilators
  A spectral titan (WizLab)
  Azrael (Snake:2)
  The ghost of Voleoc the Protected, a journeyman GrFi of Okawaru (Orc:1)
  3 halazid warlocks (WizLab)
  5 yellow draconians
  2 eidola
  6 merfolk javelineers
  6 ettins
  6 merfolk impalers
  7 jiangshi
  2 quicksilver dragon zombies (WizLab)
  A blizzard demon (D:2)
  14 fire dragons
  3 crystal guardians
  Erolcha (Orc:2)
  6 great orbs of eyes
  4 deep elf high priests
  9 yaktaur captains
  33 vault guards
  Harold (Lair:2)
  4 rakshasas
  2 peacekeepers (Vaults:3)
  5 ice dragons
  2 hydras
  2 salamander tyrants
  4 spriggan air magi
  A jorogumo (Depths:1)
  A merfolk avatar (Shoals:2)
  3 alligator snapping turtles
  8 anacondas
  2 death knights (Crypt:1)
  A satyr (Shoals:3)
  14 dancing weapons
  6 ironbound frosthearts
  4 boulder beetles
  10 two-headed ogres
  3 deep troll shamans
  13 centaur warriors
  7 naga warriors
  5 merfolk aquamancers (Shoals:4)
  A titan zombie (Crypt:1)
  6 vampire magi
  4 hell hogs
  5 deep troll earth magi
  4 orc high priests
  A shock serpent (shapeshifter) (Elf:1)
  A tengu warrior (D:15)
  8 spriggan berserkers
  8 shock serpents
  5 hell knights
  A soul eater (D:15)
  7 deep elf knights
  5 spriggans
  A storm dragon zombie (Crypt:3)
  15 naga sharpshooters
  2 sun demons (Depths:4)
  An occultist (Depths:2)
  3 iron trolls
  A salamander mystic (Snake:4)
  20 skeletal warriors
  8 sea snakes
  2 glowing orange brains
  2 shadow wraiths (WizLab)
  2 skysharks
  A spark wasp zombie (WizLab)
  A spectral spark wasp (WizLab)
  6 flayed ghosts
  An iron giant zombie (Crypt:2)
  7 deep elf archers
  5 naga ritualists
  A shadow demon (Depths:2)
  A swamp dragon (shapeshifter) (Depths:3)
  53 deep trolls
  10 mana vipers
  7 arcanists
  16 ironbound convokers
  A sea snake (shapeshifter) (Depths:3)
  8 phantasmal warriors
  A mana viper (shapeshifter) (Vaults:3)
  An iron giant skeleton (Crypt:3)
  6 lindwurms
  A shadow dragon zombie (Crypt:1)
  2 harpies (shapeshifter)
  9 necromancers
  A bunyip skeleton (Crypt:3)
  11 deep elf zephyrmancers
  15 harpies
  6 orc knights
  A fire giant zombie (Depths:1)
  10 deep elf pyromancers
  7 cyclopes
  A shining eye (Slime:5)
  4 fauns
  An iron dragon skeleton (Crypt:3)
  10 manticores
  23 ugly things
  6 moths of wrath
  A manticore (shapeshifter) (Vaults:2)
  4 merfolk sirens
  11 elephants
  A spectral spriggan (WizLab)
  Joseph (Lair:1)
  17 slime creatures
  4 guardian serpents
  A meliai (shapeshifter) (D:14)
  12 salamanders
  A kobold blastminer (Orc:2)
  A smoke demon (Depths:2)
  7 vault sentinels
  A water nymph (shapeshifter) (Depths:3)
  Maggie (D:10)
  A gargoyle (D:14)
  2 water nymphs (Shoals:4)
  A guardian serpent (shapeshifter) (Elf:1)
  8 cane toads
  27 black mambas
  13 naga magi
  A centaur skeleton (Crypt:3)
  A cane toad (shapeshifter) (D:14)
  2 rime drakes (Lair:1)
  A dire elephant skeleton (Crypt:3)
  17 yaktaurs
  A hellion (D:4)
  A white draconian skeleton (Crypt:2)
  4 komodo dragons
  A queen bee (shapeshifter) (D:14)
  An efreet (D:15)
  A freezing wraith (Crypt:1)
  7 tengu conjurers
  A harpy zombie (Crypt:3)
  18 merfolk
  2 wind drakes
  3 trolls
  2 trolls (shapeshifter)
  A hydra zombie (Crypt:3)
  2 polar bears (Lair:5)
  6 snapping turtles
  7 blink frogs
  An ettin zombie (Crypt:3)
  7 hornets
  3 glass eyes (Depths:3)
  A dream sheep (Orc:2)
  An ice dragon zombie (Crypt:1)
  A centaur simulacrum (D:14)
  An ettin skeleton (Depths:1)
  4 water elementals
  2 air elementals (Elf:1)
  A wyvern (D:11)
  23 yaks
  8 wargs (Orc:2)
  3 fire elementals
  3 basilisks (Lair:1)
  2 golden eyes (Slime:5)
  3 steam dragons
  A chaos spawn (D:14)
  A naga zombie (Crypt:3)
  29 nagas
  A merfolk skeleton (Crypt:2)
  9 water moccasins
  A nameless horror (D:11)
  2 black bears
  A sky beast (D:7)
  22 orc warriors
  9 laughing skulls
  An ettin simulacrum (Depths:1)
  8 ogres
  9 wolves
  7 boggarts
  8 centaurs
  A phantom (D:6)
  2 kobold brigands
  5 bullfrogs
  2 necrophages (Crypt:2)
  A scorpion (D:6)
  3 wights (D:7)
  A warg skeleton (Crypt:1)
  2 howler monkeys
  A bombardier beetle (D:5)
  A komodo dragon simulacrum (IceCv)
  A jelly (D:5)
  17 orc priests
  2 hounds (D:5)
  5 iguanas
  11 orc wizards
  An ogre zombie (Crypt:2)
  A gnoll (D:7)
  7 adders
  A shadow imp (D:7)
  5 white imps
  2 ufetubi (D:7)
  3 dart slugs
  42 orcs
  4 ball pythons
  8 endoplasms
  4 giant cockroaches
  3 goblins
  5 hobgoblins
  2 jackals (D:1)
  8 kobolds
  2 quokkas
  2 bats (D:2)
  3 frilled lizards
  A giant cockroach zombie (Crypt:2)
  2 rats
  A rat zombie (Crypt:1)
  7 tentacles
1389 creatures vanquished.

Vanquished Creatures (collateral kills)
  4 ancient liches
  6 orbs of fire (Zot:5)
  Vashnia (Snake:2)
  3 Killer Klowns (Zot:5)
  Saint Roka (Vaults:3)
  A bone dragon (Depths:4)
  An electric golem (Zot:5)
  14 tentacled monstrosities
  A deep elf blademaster (Elf:3)
  2 liches
  2 quicksilver dragons
  Asterion (Vaults:1)
  Rupert (Lair:4)
  11 Orb Guardians
  3 titans (Vaults:5)
  An Executioner (Depths:3)
  2 deep elf master archers (Elf:3)
  3 sphinxes
  2 ancient champions
  7 acid blobs
  4 death cobs
  An eldritch tentacle (Zot:5)
  4 shadow dragons
  Gastronok (D:8)
  Aizul (Snake:4)
  Ilsuiw (Shoals:4)
  3 rockslimes
  3 storm dragons
  A draconian monk (Depths:4)
  3 nagarajas
  A demonspawn warmonger (Depths:3)
  2 draconian scorchers
  The ghost of decrepitude the Spry, a journeyman MfGl of Uskayaw (D:13)
  4 iron dragons
  4 ghost moths
  Louise (Snake:2)
  3 frost giants
  5 deep elf sorcerers
  A draconian shifter (Zot:5)
  3 deep elf elementalists (Elf:3)
  9 vault wardens
  A draconian stormcaller (Zot:5)
  A spectral caustic shrike (WizLab)
  6 ghouls
  A very ugly thing (Vaults:5)
  A draconian annihilator (Zot:1)
  8 ironbound preservers
  2 formless jellyfish (Slime:1)
  4 ironbound thunderhulks
  A quicksilver ooze (Slime:5)
  4 black draconians
  2 vampire knights
  3 stone giants
  A deep elf demonologist (Elf:3)
  3 green draconians
  3 dire elephants
  4 deep elf death magi
  A lorocyproca (Depths:4)
  4 yellow draconians
  A halazid warlock (WizLab)
  2 red draconians (Zot:1)
  3 deep elf annihilators
  3 white draconians
  7 spark wasps
  10 ettins
  2 war gargoyles
  2 fire dragons
  2 eidola
  A crystal guardian (Crypt:3)
  3 jiangshi
  5 merfolk javelineers (Shoals:4)
  2 blizzard demons
  An entropy weaver (Vaults:2)
  2 deep elf high priests
  3 merfolk impalers
  9 yaktaur captains
  6 ice dragons
  2 salamander tyrants (Snake:4)
  5 great orbs of eyes
  15 vault guards
  A peacekeeper (Vaults:1)
  3 ogre magi
  2 hell beasts
  4 rakshasas
  2 merfolk aquamancers
  2 spriggan air magi
  A catoblepas (D:14)
  4 hydras
  7 ironbound frosthearts
  2 anacondas
  2 boulder beetles (D:14)
  An alligator snapping turtle (Shoals:4)
  5 centaur warriors
  A death knight (Crypt:2)
  A merfolk avatar (Shoals:1)
  2 satyrs (Shoals:3)
  7 two-headed ogres
  5 deep troll shamans
  3 tengu warriors
  3 vampire magi
  2 hell hogs (Depths:2)
  13 naga warriors
  2 deep troll earth magi (Vaults:5)
  17 dancing weapons
  A spriggan berserker (Depths:3)
  3 naga sharpshooters
  2 orc high priests (Vaults:3)
  An occultist (Depths:1)
  5 hell knights
  5 shock serpents
  9 deep elf knights
  A shadow wraith (Vaults:5)
  A storm dragon zombie (Crypt:1)
  4 skysharks
  10 skeletal warriors
  A salamander mystic (Snake:4)
  4 mana vipers
  3 glowing orange brains
  A golden dragon zombie (Crypt:3)
  3 arcanists
  21 deep trolls
  5 flayed ghosts
  4 deep elf archers
  4 naga ritualists
  2 lindwurms
  6 sea snakes
  A broodmother zombie (Crypt:2)
  8 necromancers
  2 sea snakes (shapeshifter) (Vaults:5)
  2 orc knights
  10 harpies
  3 bog bodies
  6 phantasmal warriors
  10 ironbound convokers
  13 deep elf pyromancers
  15 deep elf zephyrmancers
  2 wolf spider zombies (WizLab)
  7 fauns
  13 ugly things
  2 orc sorcerers
  5 shining eyes
  5 moths of wrath
  3 salamanders
  10 black mambas
  A meliai (D:14)
  12 manticores
  3 cyclopes
  2 merfolk sirens
  7 guardian serpents
  6 elephants
  3 kobold blastminers (Orc:2)
  4 vault sentinels
  5 water nymphs
  2 gargoyles
  11 naga magi
  A black mamba (shapeshifter) (D:15)
  A centaur skeleton (Crypt:3)
  A cane toad (shapeshifter) (D:14)
  5 cane toads
  A swamp worm zombie (Crypt:1)
  A rime drake (Lair:5)
  A hellion (Depths:3)
  A guardian mummy (Vaults:2)
  2 freezing wraiths
  9 yaktaurs
  7 komodo dragons
  2 spectral harpies (WizLab)
  18 merfolk
  4 trolls
  2 wind drakes
  21 blink frogs
  A dream sheep (Lair:5)
  2 glass eyes
  2 polar bears
  6 hornets
  4 snapping turtles
  2 harpy skeletons
  A fire dragon zombie (Crypt:3)
  A jumping spider (shapeshifter) (D:10)
  2 air elementals
  13 spriggans (Lair:5)
  20 slime creatures
  7 wraiths
  A shadow (D:13)
  4 water elementals
  3 wyverns
  4 golden eyes (Slime:4)
  2 hogs (shapeshifter)
  A black mamba skeleton (Crypt:2)
  12 yaks
  A nameless horror (D:11)
  2 vampire mosquitoes (D:10)
  A basilisk (shapeshifter) (D:14)
  A fire elemental (Snake:2)
  3 steam dragons
  3 basilisks
  A warg (D:9)
  17 nagas
  11 water moccasins
  2 hell hounds (Snake:2)
  23 orc warriors
  3 sky beasts (D:7)
  4 ice beasts
  A black bear (Lair:5)
  23 laughing skulls
  3 boggarts
  17 wolves
  8 centaurs
  14 ogres
  2 phantoms
  2 kobold brigands
  A bullfrog (Lair:3)
  5 necrophages
  A scorpion (D:4)
  10 wights
  5 killer bees
  A lindwurm simulacrum (IceCv)
  A shapeshifter skeleton (Crypt:1)
  A howler monkey (D:11)
  5 hounds
  11 orc priests
  A gnoll bouda (D:7)
  2 iguanas
  A sleepcap (D:5)
  12 orc wizards
  4 gnolls
  A river rat (D:11)
  A swamp drake zombie (Crypt:1)
  5 adders
  8 white imps (D:13)
  2 ribbon worms
  61 orcs
  An endoplasm (D:2)
  A goblin (D:4)
  2 hobgoblins
  A jackal (D:1)
  17 kobolds
  A ball python (D:1)
  A ball python zombie (Crypt:1)
  2 bats (D:14)
  A bombardier beetle zombie (Crypt:1)
  A frilled lizard (D:1)
  2 rats
  A tentacle (Shoals:4)
1097 creatures vanquished.

Vanquished Creatures (others)
  6 eldritch tentacles
  A death cob (Zot:5)
  A yaktaur captain (Vaults:1)
  A naga warrior (Snake:2)
  A deep elf archer (Elf:3)
  A deep elf pyromancer (Elf:1)
  An air elemental (Elf:1)
  A laughing skull (WizLab)
  A killer bee (D:8)
  80 battlemagi
  An acid dragon simulacrum (IceCv)
  2 ancestors (D:6)
  An orc (Orc:1)
  9 snaplasher vines
  18 tentacles
125 creatures vanquished.

Grand Total: 2611 creatures vanquished

Notes
Turn   | Place    | Note
-------+----------+-------------------------------------------
     0 | D:1      | iamserjio the Oni Summoner began the quest for the Orb.
     0 | D:1      | Reached XP level 1. HP: 16/16 MP: 3/3
   223 | D:1      | Reached XP level 2. HP: 23/24 MP: 3/5
   248 | D:1      | Learned a level 2 spell: Call Imp
   683 | D:1      | Reached XP level 3. HP: 17/31 MP: 2/7
   797 | D:1      | Learned a level 3 spell: Call Canine Familiar
  1969 | D:3      | Reached XP level 4. HP: 19/39 MP: 3/8
  2928 | D:4      | Reached skill level 1 in Fighting
  2928 | D:4      | Reached skill level 5 in Summonings
  3027 | D:4      | Reached XP level 5. HP: 41/53 MP: 5/9
  3209 | D:4      | Found a hazy altar of Hepliaklqana.
  3224 | D:4      | Reached skill level 5 in Fighting
  3224 | D:4      | Reached XP level 6. HP: 49/66 MP: 4/10
  3226 | D:4      | Became a worshipper of Hepliaklqana the Forgotten
  4160 | D:4      | Reached XP level 7. HP: 78/78 MP: 1/11
  4554 | D:4      | Learned a level 4 spell: Summon Lightning Spire
  4555 | D:5      | Entered Level 5 of the Dungeon
  4741 | D:5      | Found a snail-covered altar of Cheibriados.
  4748 | D:5      | Reached * piety under Hepliaklqana
  4751 | D:5      | Reached skill level 1 in Air Magic
  5207 | D:5      | Reached skill level 1 in Evocations
  5312 | D:5      | Found a hide-covered altar of Uskayaw.
  5348 | D:5      | Reached XP level 8. HP: 47/79 MP: 9/13
  6102 | D:6      | Found a staircase to the Ecumenical Temple.
  6967 | D:6      | Found a shimmering altar of Xom.
  7540 | D:6      | Reached XP level 9. HP: 70/86 MP: 15/15
  7770 | D:7      | Noticed a hornet
  7956 | D:7      | Reached skill level 5 in Spellcasting
  8170 | D:7      | Learned a level 1 spell: Apportation
  8429 | D:7      | Found a shimmering blue altar of Sif Muna.
  8752 | D:7      | Reached ** piety under Hepliaklqana
  8753 | D:7      | Remembered your ancestor Vojtech as a battlemage
  8819 | D:7      | Killed a hornet
  9097 | D:7      | Found a basalt altar of Yredelemnul.
  9110 | D:7      | Reached skill level 5 in Dodging
  9195 | D:7      | Reached XP level 10. HP: 96/96 MP: 12/17
  9318 | D:8      | Noticed Gastronok
  9325 | D:8      | Killed Gastronok
  9326 | D:8      | Reached skill level 10 in Fighting
  9671 | D:8      | Found a radiant altar of Vehumet.
  9820 | D:8      | Found a burning altar of Makhleb.
  9958 | D:8      | Identified the +7 mace of Wyrd {antimagic, Fly rPois rC-
                  | rCorr}
 10005 | D:8      | Found a broken altar of Ashenzari.
 10005 | D:8      | Found an ornate altar of the Wu Jian Council.
 10025 | D:8      | Found a bloodstained altar of Trog.
 10027 | D:8      | Found a stormy altar of Qazlal.
 10028 | D:8      | Found an opulent altar of Gozag.
 10037 | D:8      | Found a glowing golden altar of the Shining One.
 10221 | D:9      | Reached *** piety under Hepliaklqana
 10394 | D:9      | Reached skill level 1 in Unarmed Combat
 10593 | D:9      | Found a staircase to the Orcish Mines.
 10637 | D:9      | Reached XP level 11. HP: 64/110 MP: 13/18
 11336 | D:10     | Entered Level 10 of the Dungeon
 11342 | D:10     | Reached skill level 5 in Unarmed Combat
 11670 | D:10     | Reached **** piety under Hepliaklqana
 11739 | D:10     | Found an ancient bone altar of Kikubaaqudgha.
 11895 | D:10     | Found a shadowy altar of Dithmenos.
 11906 | D:10     | Identified the +8 trident "Zihifof" {drain, +Blink Dex+3}
 12059 | D:10     | Noticed a two-headed ogre
 12066 | D:10     | Killed a two-headed ogre
 12130 | D:10     | Noticed Maggie
 12140 | D:10     | Killed Maggie
 12311 | D:11     | Noticed a two-headed ogre
 12661 | D:11     | Noticed a cyclops
 12687 | D:11     | Killed a cyclops
 12879 | D:11     | Killed a two-headed ogre
 12942 | D:11     | Noticed a cyclops
 12957 | D:11     | Killed a cyclops
 13155 | D:11     | Found a staircase to the Lair.
 13158 | D:11     | Reached XP level 12. HP: 95/118 MP: 10/19
 13452 | D:12     | Noticed a two-headed ogre
 13463 | D:12     | Killed a two-headed ogre
 13464 | D:12     | Reached skill level 1 in Invocations
 13898 | D:12     | Noticed a two-headed ogre
 13904 | D:12     | Killed a two-headed ogre
 13960 | D:12     | Reached ***** piety under Hepliaklqana
 14015 | D:12     | Noticed a two-headed ogre
 14020 | D:12     | Killed a two-headed ogre
 14274 | D:12     | Noticed a two-headed ogre
 14281 | D:12     | Killed a two-headed ogre
 14531 | D:13     | Noticed a two-headed ogre
 14550 | D:13     | Killed a two-headed ogre
 14570 | D:13     | Noticed a centaur warrior
 14580 | D:13     | Reached skill level 10 in Unarmed Combat
 14583 | D:13     | Killed a centaur warrior
 14699 | D:13     | Found a frozen archway.
 14756 | IceCv    | Entered an ice cave
 14955 | D:13     | Noticed a boulder beetle
 14968 | D:13     | Killed a boulder beetle
 15297 | D:13     | Noticed a four-headed hydra
 15303 | D:13     | Killed a four-headed hydra
 15364 | D:13     | You fall into a shaft and drop 2 floors!
 15364 | D:15     | Entered Level 15 of the Dungeon
 15451 | D:14     | Noticed a vault guard
 15451 | D:14     | Noticed a vault guard
 15451 | D:14     | Noticed a vault guard
 15452 | D:14     | Found a gate to the Vaults.
 15452 | D:14     | Noticed a vault guard
 15452 | D:14     | Noticed a vault guard
 15452 | D:14     | Noticed a vault guard
 15452 | D:14     | Noticed a vault guard
 15464 | D:14     | Killed a vault guard
 15472 | D:15     | Killed a vault guard
 15473 | D:15     | Reached skill level 5 in Invocations
 15474 | D:15     | Noticed an ogre mage
 15631 | D:15     | Noticed a two-headed ogre
 15634 | D:15     | Reached XP level 13. HP: 130/130 MP: 18/20
 16102 | D:14     | Noticed a vault guard
 16108 | D:15     | Killed a vault guard
 16208 | D:14     | Killed a vault guard
 16286 | D:14     | Killed a vault guard
 16304 | D:14     | Killed a vault guard
 16361 | D:14     | Killed a vault guard
 16408 | D:14     | Killed a vault guard
 17550 | D:14     | Reached skill level 15 in Fighting
 18103 | D:14     | Noticed an ettin
 18112 | D:14     | Killed an ettin
 18113 | D:14     | Reached XP level 14. HP: 121/143 MP: 19/23
 18434 | D:14     | Found a sacrificial altar of Ru.
 21182 | D:13     | Found a runed translucent gate.
 21183 | D:13     | Noticed decrepitude's ghost (journeyman MfGl)
 21183 | D:13     | Found a runed translucent gate.
 21184 | D:13     | Found a runed translucent gate.
 21187 | D:13     | Identified the +2 leather armour "Duonuba" {Rampage Regen+
                  | Int+4 Dex+3}
 21758 | Lair:1   | Entered Level 1 of the Lair of Beasts
 21866 | Lair:1   | Reached skill level 15 in Unarmed Combat
 22201 | Lair:1   | Reached XP level 15. HP: 156/156 MP: 24/24
 22208 | Lair:1   | Noticed Joseph
 22217 | Lair:1   | Killed Joseph
 22435 | Lair:1   | Found the +8 whip "Snakebite" {venom, curare, rPois}
 23032 | Lair:2   | Noticed Sonja
 23298 | Lair:2   | Noticed Harold
 23302 | Lair:2   | Sonja changed into Sonja the rat
 23302 | Lair:2   | Noticed Sonja
 23303 | Lair:2   | Killed Sonja the rat
 23320 | Lair:2   | Killed Harold
 23814 | Lair:2   | Found a staircase to the Shoals.
 24912 | Lair:3   | Found a staircase to the Snake Pit.
 25928 | Lair:4   | Noticed Rupert
 25942 | Lair:4   | Killed Rupert
 26571 | Lair:5   | Entered Level 5 of the Lair of Beasts
 26629 | Lair:5   | Found a dark tunnel.
 26639 | Volcano  | Entered a volcano
 27445 | Lair:5   | Reached skill level 10 in Summonings
 27445 | Lair:5   | Reached skill level 5 in Air Magic
 27459 | Lair:5   | Reached skill level 1 in Shapeshifting
 27601 | Lair:5   | Reached XP level 16. HP: 164/168 MP: 26/26
 27702 | Lair:5   | Found a staircase to the Slime Pits.
 27815 | Lair:5   | Identified the +11 sling of the Bespelling Fool {flame,
                  | Fly}
 29259 | D:15     | Found a staircase to the Depths.
 29451 | D:15     | Found a shimmering blue altar of Sif Muna.
 29491 | D:15     | Found a broken altar of Ashenzari.
 29902 | Orc:1    | Entered Level 1 of the Orcish Mines
 29923 | Orc:1    | Found a runed translucent door.
 29924 | Orc:1    | Noticed Voleoc's ghost (journeyman GrFi)
 30132 | Orc:2    | Entered Level 2 of the Orcish Mines
 30159 | Orc:2    | Noticed Nessos
 30160 | Orc:2    | Nessos changed into Nessos the dream sheep
 30160 | Orc:2    | Noticed Nessos
 30162 | Orc:2    | Killed Nessos the dream sheep
 30339 | Orc:2    | Found Ubijauch's Armour Shoppe.
 30339 | Orc:2    | Found Juumoos's General Store.
 30339 | Orc:2    | Found Emyr Qig's Weapon Boutique.
 30342 | Orc:2    | Found Ruhott's Magic Scroll Emporium.
 30346 | Orc:2    | Bought a scroll of teleportation for 54 gold pieces
 30346 | Orc:2    | Bought a scroll of summoning for 171 gold pieces
 30349 | Orc:2    | Bought a scroll of teleportation for 33 gold pieces
 30349 | Orc:2    | Bought a scroll of fear for 44 gold pieces
 30349 | Orc:2    | Bought a potion of curing for 33 gold pieces
 30351 | Orc:2    | Bought 3 curare-tipped darts for 39 gold pieces
 30398 | Orc:2    | Noticed Erolcha
 30405 | Orc:2    | Killed Erolcha
 30542 | Orc:2    | Found a staircase to the Elven Halls.
 31838 | Orc:2    | Learned a level 4 spell: Passage of Golubria
 31904 | Elf:1    | Entered Level 1 of the Elven Halls
 32179 | Elf:1    | Reached skill level 1 in Translocations
 32204 | Elf:1    | Found a flickering gateway to a bazaar.
 32207 | Elf:1    | Paralysed by an air elemental for 1 turns
 32211 | Elf:1    | Paralysed by an air elemental for 1 turns
 32221 | Bazaar   | Entered a bazaar
 32221 | Bazaar   | Found Ythriur's Assorted Antiques.
 32221 | Bazaar   | Found Debrima's Distillery.
 32221 | Bazaar   | Found Ozxaewib's Assorted Antiques.
 32221 | Bazaar   | Found Vuoghuh's Weapon Shoppe.
 32387 | Bazaar   | Found Terchaf's General Store.
 32387 | Bazaar   | Found Geuf's Book Emporium.
 32392 | Bazaar   | Bought a scroll labelled HOMEUTOKIRR for 17 gold pieces
 32392 | Bazaar   | Bought a grey potion for 15 gold pieces
 32397 | Bazaar   | Bought a potion of haste for 160 gold pieces
 32397 | Bazaar   | Bought a wand of charming (4) for 153 gold pieces
 32408 | Bazaar   | Bought 2 potions of mutation for 128 gold pieces
 32408 | Bazaar   | Bought a potion of cancellation for 64 gold pieces
 32408 | Bazaar   | Bought a potion of resistance for 80 gold pieces
 32408 | Bazaar   | Bought a potion of invisibility for 64 gold pieces
 32408 | Bazaar   | Bought a potion of heal wounds for 40 gold pieces
 32408 | Bazaar   | Bought a potion of degeneration for 8 gold pieces
 32408 | Bazaar   | Bought a potion of might for 32 gold pieces
 32420 | Bazaar   | Bought Ylucycw's Book of Hypothermia and Phantasms for 572
                  | gold pieces
 32420 | Bazaar   | Bought a book of Spatial Translocations for 234 gold pieces
 32423 | Bazaar   | Learned a level 2 spell: Blink
 32426 | Bazaar   | Learned a level 2 spell: Lesser Beckoning
 32437 | Bazaar   | Bought a potion of haste for 250 gold pieces
 32437 | Bazaar   | Bought a potion of haste for 250 gold pieces
 32437 | Bazaar   | Bought a scroll of teleportation for 75 gold pieces
 32437 | Bazaar   | Bought a potion of curing for 75 gold pieces
 32523 | Elf:1    | Paralysed by an air elemental for 1 turns
 32600 | Elf:1    | Reached skill level 5 in Shapeshifting
 33895 | Elf:1    | Paralysed by an air elemental for 1 turns
 34001 | Elf:1    | Reached XP level 17. HP: 165/178 MP: 23/29
 34641 | Elf:1    | Got the Anthology of the Salamander
 34666 | Elf:1    | Learned a level 9 spell: Dragon's Call
 35068 | Elf:3    | Entered Level 3 of the Elven Halls
 35731 | Elf:2    | Reached skill level 5 in Translocations
 35868 | Elf:2    | Found a runed translucent gate.
 35868 | Elf:2    | Found a runed translucent gate.
 35869 | Elf:2    | Found a runed translucent gate.
 36193 | Orc:2    | Bought a scroll of amnesia for 72 gold pieces
 36200 | Orc:2    | Learned a level 5 spell: Summon Forest
 37078 | Elf:3    | Found Worchoschimm's Armour Boutique.
 37083 | Elf:3    | Bought a scarf of repulsion for 180 gold pieces
 37568 | Elf:3    | Identified the ring "Itran" {rElec rPois MP-9 Str+4 Int+6}
 38203 | Elf:3    | Noticed a deep elf master archer
 38209 | Elf:3    | Killed a deep elf master archer
 38247 | Elf:3    | Noticed a deep elf blademaster
 38260 | Elf:3    | Killed a deep elf blademaster
 38865 | Elf:3    | Identified the +5 flail of Irritation {flame, rN+ Will+
                  | Str-5 Int+4}
 38865 | Elf:3    | Identified the amulet of the Sharp God {Spirit Will+}
 38865 | Elf:3    | Noticed a deep elf blademaster
 39855 | Elf:3    | Identified the amulet "Tuilak" {RegenMP rElec rC- rN+
                  | Slay+6}
 39897 | Elf:3    | Identified the +3 hand axe of Fortitude {freeze, +Blink
                  | rPois MP+9}
 40381 | Elf:3    | Killed a deep elf blademaster
 40474 | Elf:3    | Reached skill level 10 in Shapeshifting
 40838 | Elf:3    | Identified the +0 leather armour of Vampiric Thralls {Harm
                  | rC+++ Int-4 Dex-2}
 40838 | Elf:3    | Noticed a deep elf master archer
 40860 | Elf:3    | Killed a deep elf master archer
 41111 | Elf:3    | Reached XP level 18. HP: 137/187 MP: 31/31
 41474 | Elf:3    | Found the +2 pair of slick slippers {slick, slippery, EV+4}
 41482 | Elf:3    | Identified the scarf "Iceyshro" {+Inv, rF+ Int+3 Dex+2}
 42013 | D:13     | Killed decrepitude's ghost
 42256 | Snake:1  | Entered Level 1 of the Snake Pit
 42752 | Snake:1  | Found a large runed translucent door.
 42753 | Snake:1  | Found a large runed translucent door.
 42757 | Snake:1  | Noticed kaychamo's ghost (journeyman FeSh)
 43428 | Snake:1  | Killed kaychamo's ghost
 43856 | Snake:2  | Found a burning altar of Makhleb.
 43875 | Snake:2  | You fall into a shaft and drop 1 floor!
 43875 | Snake:3  | Found Liner's Jewellery Shop.
 43875 | Snake:3  | Found Zishici's Book Boutique.
 44076 | Snake:3  | Reached skill level 1 in Shields
 44586 | Snake:3  | Identified the +7 sling of the Evil Eye {drain, *Corrode
                  | Int+3}
 45299 | Snake:2  | Noticed Vashnia
 45307 | Snake:2  | Killed Vashnia
 45325 | Snake:2  | Found Ydiad's Distillery.
 45473 | Snake:2  | Found Gissinah's Armour Shop.
 45475 | Snake:2  | Found Doqesyzo's General Store.
 45479 | Snake:2  | Bought a potion of curing for 39 gold pieces
 45479 | Snake:2  | Bought a potion of haste for 130 gold pieces
 45479 | Snake:2  | Bought a potion of heal wounds for 65 gold pieces
 45479 | Snake:2  | Bought a potion of magic for 104 gold pieces
 45479 | Snake:2  | Bought a potion of magic for 104 gold pieces
 45483 | Snake:2  | Bought a potion of haste for 150 gold pieces
 45483 | Snake:2  | Bought a potion of curing for 45 gold pieces
 45506 | Snake:2  | Noticed Azrael
 45508 | Snake:2  | Noticed Louise
 45516 | Snake:2  | Killed Azrael
 45520 | Snake:2  | Killed Louise
 45539 | Snake:2  | Reached XP level 19. HP: 193/193 MP: 30/32
 45967 | Snake:2  | Found Ydiad's Distillery.
 45969 | Snake:2  | Found Gissinah's Armour Shop.
 45973 | Snake:2  | Found Doqesyzo's General Store.
 45987 | Snake:2  | Found a burning altar of Makhleb.
 46248 | Snake:2  | Found Ydiad's Distillery.
 46354 | Snake:2  | Found Gissinah's Armour Shop.
 46357 | Snake:2  | Found Doqesyzo's General Store.
 46371 | Snake:2  | Found a burning altar of Makhleb.
 46591 | Snake:4  | Entered Level 4 of the Snake Pit
 46769 | Snake:4  | Reached skill level 5 in Shields
 47073 | Snake:4  | Identified the serpent talisman of Happiness {rElec}
 47073 | Snake:4  | Noticed Aizul
 47081 | Snake:4  | Killed Aizul
 47611 | Snake:4  | Reached skill level 15 in Shapeshifting
 48023 | Snake:4  | Got a serpentine rune of Zot
 48470 | Orc:1    | Killed Voleoc's ghost
 49073 | Shoals:1 | Entered Level 1 of the Shoals
 49122 | Shoals:1 | Reached ****** piety under Hepliaklqana
 49502 | Shoals:1 | Noticed Donald
 49508 | Shoals:1 | Killed Donald
 50381 | Shoals:3 | Reached XP level 20. HP: 203/203 MP: 26/33
 50533 | Shoals:3 | Reached skill level 10 in Shields
 51225 | Shoals:4 | Entered Level 4 of the Shoals
 51260 | Shoals:4 | Identified the ring "Mastimap" {Fly rElec rC+}
 51551 | Shoals:4 | Found Sitzoh's Distillery.
 51575 | Shoals:4 | Bought a potion of curing for 42 gold pieces
 51575 | Shoals:4 | Bought a potion of curing for 42 gold pieces
 51575 | Shoals:4 | Bought a potion of curing for 42 gold pieces
 51575 | Shoals:4 | Bought a potion of curing for 42 gold pieces
 51575 | Shoals:4 | Bought a potion of curing for 42 gold pieces
 51575 | Shoals:4 | Bought a potion of haste for 140 gold pieces
 51731 | Shoals:4 | Found the +7 mace of Variability {chaos, chaos arc}
 51929 | Shoals:4 | Got Waeklia's Lectures on Shivering Tephra
 51985 | Shoals:4 | Identified the +2 scimitar of Soft Defence {vamp, Fly
                  | Will++ Dex-5 Stlth+}
 52105 | Shoals:4 | Noticed Ilsuiw
 52216 | Shoals:4 | Killed Ilsuiw
 52345 | Shoals:4 | Got a barnacled rune of Zot
 52430 | Shoals:4 | Learned a level 3 spell: Passwall
 52704 | Vaults:1 | Entered Level 1 of the Vaults
 53361 | Vaults:1 | Noticed Nikola
 53369 | Vaults:1 | Killed Nikola
 53574 | Vaults:1 | Identified the +3 falchion "Tyuw" {venom, SInv}
 53636 | Vaults:1 | Noticed Asterion
 53647 | Vaults:1 | Killed Asterion
 53751 | Vaults:1 | Reached XP level 21. HP: 212/212 MP: 34/34
 53960 | Vaults:1 | Reached skill level 10 in Spellcasting
 54656 | Vaults:2 | Found a portal to a secret trove of treasure.
 54723 | Vaults:2 | Found a staircase to the Crypt.
 54723 | Vaults:2 | Found an ancient bone altar of Kikubaaqudgha.
 54724 | Vaults:2 | Found a basalt altar of Yredelemnul.
 56300 | Vaults:3 | Reached XP level 22. HP: 226/226 MP: 35/37
 57089 | Vaults:3 | Noticed Saint Roka
 57101 | Vaults:3 | Killed Saint Roka
 57190 | Vaults:3 | Identified the +2 quarterstaff of Earthquakes {venom,
                  | Int+3}
 57400 | Vaults:4 | Found a flickering gateway to a bazaar.
 57411 | Bazaar   | Entered a bazaar
 57421 | Bazaar   | Found Huussits's Book Boutique.
 57430 | Bazaar   | Found Xykudwat's General Store.
 57435 | Bazaar   | Found Sorchag's Antique Weapon Boutique.
 57438 | Bazaar   | Bought a potion of invisibility for 96 gold pieces
 57440 | Bazaar   | Found Ohuodwihi's Jewellery Emporium.
 57449 | Bazaar   | Bought a ring of wizardry for 270 gold pieces
 57461 | Bazaar   | Found Bel Odeitwo's Distillery.
 57469 | Bazaar   | Bought a potion of heal wounds for 40 gold pieces
 57469 | Bazaar   | Bought a potion of curing for 24 gold pieces
 57469 | Bazaar   | Bought a potion of invisibility for 64 gold pieces
 57469 | Bazaar   | Bought a potion of mutation for 64 gold pieces
 57526 | Vaults:4 | Identified a scroll of acquirement
 57531 | Vaults:4 | Acquired 517 gold pieces
 57640 | Vaults:4 | Identified the +5 hand axe of Crystal {speed, +Blink}
 58444 | Vaults:4 | Identified the +3 arbalest of the Rattlesnake {antimagic,
                  | rElec}
 58652 | Vaults:4 | Found a runed translucent gate.
 58652 | Vaults:4 | Found a runed translucent gate.
 58653 | Vaults:4 | Found a runed translucent gate.
 58740 | Vaults:4 | Noticed Xafer's ghost (adept DsGl)
 58746 | Vaults:4 | Killed Xafer's ghost
 58752 | Vaults:4 | Identified the amulet "Tiru" {-Tele Regen+ Str+3 Dex+3}
 58976 | Depths:1 | Entered Level 1 of the Depths
 58985 | Depths:1 | Noticed a caustic shrike
 58988 | Depths:1 | Noticed a caustic shrike
 58989 | Depths:1 | Noticed a caustic shrike
 58995 | Depths:1 | Killed a caustic shrike
 58995 | Depths:1 | Noticed a caustic shrike
 59003 | Depths:1 | Killed a caustic shrike
 59004 | Depths:1 | Reached XP level 23. HP: 185/236 MP: 23/41
 59017 | Depths:1 | Killed a caustic shrike
 59019 | Depths:1 | Killed a caustic shrike
 59048 | Depths:1 | Reached skill level 15 in Spellcasting
 59146 | Depths:1 | Noticed a caustic shrike
 59149 | Depths:1 | Killed a caustic shrike
 59506 | Depths:1 | Found Fekkeb's Book Shop.
 59527 | Depths:1 | Found a one-way gate to the infinite horrors of the Abyss.
 59783 | Depths:1 | Noticed a dread lich
 59802 | Depths:1 | Killed a dread lich
 60020 | Depths:1 | Found a gateway to Hell.
 60090 | Depths:1 | Found a one-way gateway to a ziggurat.
 61132 | Depths:2 | Noticed a caustic shrike
 61139 | Depths:2 | Killed a caustic shrike
 61573 | Depths:2 | Noticed a caustic shrike
 61576 | Depths:2 | Killed a caustic shrike
 61584 | Depths:2 | Identified the +1 short sword "Usopy" {protect, *Rage Dex+6
                  | SInv}
 61821 | Depths:2 | Reached XP level 24. HP: 245/245 MP: 39/42
 62076 | Depths:2 | Reached skill level 10 in Dodging
 62120 | Depths:2 | Found a one-way gate leading to the halls of Pandemonium.
 62447 | Depths:3 | Identified the ring of Zoemudwi {^Contam Fly rPois Int+8
                  | Dex-5}
 62459 | Depths:3 | Found a stormy altar of Qazlal.
 62632 | Depths:3 | Identified the ring of Jewo {Fly SInv}
 62647 | Depths:3 | Found a sparkling altar of Nemelex Xobeh.
 63134 | Depths:3 | Reached skill level 10 in Invocations
 63192 | Depths:3 | Found a transporter.
 63215 | Depths:3 | Identified the ring of Light {+Blink rN+ Str+6 Dex+2
                  | Stlth-}
 63306 | Depths:3 | Found a transporter.
 63432 | Depths:3 | Acquired the +5 tower shield of Duck's Teeth {^Drain rF+
                  | Str+4 Dex+2}
 63433 | Depths:3 | Acquired the scarf of Ferudd {rC+ rF+, Will+ Str+3 Dex-5}
 63692 | Depths:4 | Entered Level 4 of the Depths
 63824 | Depths:4 | Found a magical portal.
 63839 | WizLab   | Entered Borgnjor's Mausoleum
 64213 | WizLab   | Reached skill level 15 in Summonings
 64388 | WizLab   | Got the Folio of Unspeakable Words
 64935 | Depths:4 | Reached XP level 25. HP: 226/226 MP: 36/44
 66080 | Depths:4 | Found a gate to the Realm of Zot.
 67315 | Slime:1  | Entered Level 1 of the Pits of Slime
 67364 | Slime:3  | Gained mutation: You are vulnerable to heat. (rF-) [a
                  | shining eye]
 67368 | Slime:3  | Gained mutation: Your magical capacity is low. (-10% MP) [a
                  | shining eye]
 67376 | Slime:3  | Lost mutation: Your magical capacity is low. (-10% MP)
                  | [potion of mutation]
 67376 | Slime:3  | Lost mutation: You are vulnerable to heat. (rF-) [potion of
                  | mutation]
 67376 | Slime:3  | Gained mutation: You are agile. (Dex +4, Str/Int -1)
                  | [potion of mutation]
 67376 | Slime:3  | Gained mutation: Your spells are a little harder to cast,
                  | but a little more powerful. [potion of mutation]
 67417 | Slime:4  | Noticed Dissolution
 67421 | Slime:4  | Killed Dissolution
 67460 | Slime:5  | Entered Level 5 of the Pits of Slime
 67512 | Slime:5  | Noticed the Royal Jelly
 67523 | Slime:5  | Found a viscous altar of Jiyva.
 67532 | Slime:5  | Gained mutation: You occasionally lose the ability to drink
                  | potions when taking damage. [a shining eye]
 67534 | Slime:5  | Killed the Royal Jelly
 67768 | Slime:5  | Gained mutation: Your body sometimes deteriorates upon
                  | taking damage. [a shining eye]
 67846 | Slime:5  | Identified the ring of Lust {rPois rC- rN+ SInv}
 67889 | Slime:5  | Found the +8 orange crystal plate armour {Archmagi, Int+3
                  | Clar}
 67892 | Slime:5  | Found the amulet of the Air {Inacc Air Fly rElec RMsl}
 67898 | Slime:5  | Identified the +1 plate armour of the Unbroken {rElec rF+
                  | Str+3 Int-4}
 67918 | Slime:5  | Got a slimy rune of Zot
 68414 | Vaults:2 | You showed the slimy rune of Zot to enter a treasure trove
 68415 | Trove    | Entered a treasure trove
 68435 | Trove    | Identified the amulet "Risuoxao" {Regen+ Int+4}
 68441 | Trove    | Identified the ring of Coronation {Fly Str+4}
 68445 | Trove    | Identified the ring of Linearity {rElec rPois rN++ Will-
                  | MP+9}
 68459 | Trove    | Identified the ring of Ceojaxyvosh {rN+ Will+ Stlth+}
 68626 | Vaults:4 | Lost mutation: You are agile. (Dex +4, Str/Int -1) [potion
                  | of mutation]
 68626 | Vaults:4 | Lost mutation: Your spells are a little harder to cast, but
                  | a little more powerful. [potion of mutation]
 68626 | Vaults:4 | Gained mutation: You have a somewhat thin skeletal
                  | structure. (Dex +2, Stealth+) [potion of mutation]
 68626 | Vaults:4 | Gained mutation: You expend magic power (3 MP) to
                  | strengthen your wands. [potion of mutation]
 68627 | Vaults:4 | Lost mutation: You occasionally lose the ability to drink
                  | potions when taking damage. [potion of mutation]
 68627 | Vaults:4 | Lost mutation: You expend magic power (3 MP) to strengthen
                  | your wands. [potion of mutation]
 68627 | Vaults:4 | Lost mutation: You have a somewhat thin skeletal structure.
                  | (Dex +2, Stealth+) [potion of mutation]
 68627 | Vaults:4 | Gained mutation: Armour fits poorly on your strangely
                  | shaped body. [potion of mutation]
 68627 | Vaults:4 | Gained mutation: You are partially covered in iridescent
                  | scales. (AC +2) [potion of mutation]
 68629 | Vaults:5 | Entered Level 5 of the Vaults
 68759 | Vaults:5 | Noticed an ancient lich
 68777 | Vaults:4 | Reached XP level 26. HP: 209/261 MP: 30/44
 69337 | Snake:3  | Bought a Grand Grimoire for 408 gold pieces
 69345 | Snake:3  | Learned a level 7 spell: Malign Gateway
 70172 | Vaults:5 | Noticed an ancient lich
 70177 | Vaults:5 | Killed an ancient lich
 70403 | Vaults:5 | Reached skill level 15 in Shields
 70419 | Vaults:5 | Identified the +4 falchion of Bile {flame, rC+}
 70774 | Vaults:5 | Killed an ancient lich
 70791 | Vaults:5 | Identified the +5 steam dragon scales of Eleshryji {rF+}
 70862 | Vaults:5 | Noticed a dread lich
 70866 | Vaults:5 | Killed a dread lich
 70999 | Vaults:5 | Reached skill level 10 in Translocations
 71006 | Vaults:5 | Got the Atlas of the Frosty Salamander
 71094 | Vaults:5 | Found Pawime's Distillery.
 71102 | Vaults:5 | Bought a potion of heal wounds for 120 gold pieces
 71102 | Vaults:5 | Bought a potion of heal wounds for 120 gold pieces
 71102 | Vaults:5 | Bought a potion of curing for 72 gold pieces
 71102 | Vaults:5 | Bought a potion of magic for 192 gold pieces
 71102 | Vaults:5 | Bought a potion of invisibility for 192 gold pieces
 71102 | Vaults:5 | Bought a potion of curing for 72 gold pieces
 71105 | Vaults:5 | Got a silver rune of Zot
 71206 | Vaults:5 | Got the Discursus on Crystalline Soot
 71743 | Crypt:1  | Entered Level 1 of the Crypt
 72430 | Crypt:2  | Reached XP level 27. HP: 270/270 MP: 42/44
 72742 | Crypt:2  | Reached skill level 15 in Invocations
 72880 | Crypt:2  | Found a transporter.
 72890 | Crypt:2  | Found a transporter.
 72912 | Crypt:2  | Noticed Waammiq's ghost (veteran GrEE)
 73197 | Crypt:3  | Entered Level 3 of the Crypt
 73423 | Crypt:3  | Found a basalt altar of Yredelemnul.
 73423 | Crypt:3  | Noticed a dread lich
 73426 | Crypt:3  | Killed a dread lich
 73465 | Crypt:3  | Found a staircase to the Tomb.
 73469 | Crypt:3  | Identified the +3 morningstar of the Rescuing Ancients
                  | {heavy, rC+ Int+2 SInv}
 73478 | Crypt:3  | Identified the staff of Moderation {rC+ Str-3 Int+4 Ice}
 73478 | Crypt:3  | Identified the death talisman "Guribint" {rCorr Int+3}
 73619 | Crypt:3  | Noticed Bai Suzhen
 73630 | Crypt:3  | Killed Bai Suzhen
 74455 | Zot:1    | Entered Level 1 of the Realm of Zot
 74957 | Zot:5    | Entered Level 5 of the Realm of Zot
 75358 | Zot:5    | Identified the scarf of Axichahe {repulsion, rC+++ Stlth-}
 75390 | Zot:5    | Noticed an ancient lich
 75393 | Zot:5    | Killed an ancient lich
 75816 | Zot:5    | Noticed an orb of fire
 75818 | Zot:5    | Noticed an orb of fire
 75820 | Zot:5    | Killed an orb of fire
 75821 | Zot:5    | Gained mutation: Your body often deteriorates upon taking
                  | damage. [an orb of fire]
 75823 | Zot:5    | Noticed an orb of fire
 75823 | Zot:5    | Killed an orb of fire
 75827 | Zot:5    | Killed an orb of fire
 75842 | Zot:5    | Noticed an ancient lich
 75843 | Zot:5    | Noticed an orb of fire
 75849 | Zot:5    | Killed an orb of fire
 75853 | Zot:5    | Killed an ancient lich
 75898 | Zot:5    | Noticed an orb of fire
 75899 | Zot:5    | Gained mutation: You are weak. (Str -2) [an orb of fire]
 75901 | Zot:5    | Killed an orb of fire
 75951 | Zot:5    | Noticed an orb of fire
 75956 | Zot:5    | Noticed an orb of fire
 75956 | Zot:5    | Killed an orb of fire
 75962 | Zot:5    | Killed an orb of fire
 76014 | Zot:5    | Reached skill level 5 in Evocations
 76087 | Zot:5    | Noticed an orb of fire
 76091 | Zot:5    | Gained mutation: You occasionally shout uncontrollably at
                  | your foes. [an orb of fire]
 76096 | Zot:5    | Gained mutation: You are very weak. (Str -4) [an orb of
                  | fire]
 76097 | Zot:5    | Killed an orb of fire
 76100 | Zot:5    | Noticed an orb of fire
 76104 | Zot:5    | Gained mutation: You are frail. (-10% HP) [an orb of fire]
 76104 | Zot:5    | Killed an orb of fire
 76193 | Zot:5    | Noticed a dread lich
 76199 | Zot:5    | Killed a dread lich
 76588 | Zot:5    | Lost mutation: You are very weak. (Str -4) [potion of
                  | mutation]
 76588 | Zot:5    | Lost mutation: Armour fits poorly on your strangely shaped
                  | body. [potion of mutation]
 76588 | Zot:5    | Gained mutation: You have a pair of horns on your head.
                  | [potion of mutation]
 76588 | Zot:5    | Gained mutation: You have a pair of large horns on your
                  | head. [potion of mutation]
 76588 | Zot:5    | Gained mutation: You are agile. (Dex +4, Str/Int -1)
                  | [potion of mutation]
 76589 | Zot:5    | Lost mutation: You are weak. (Str -2) [potion of mutation]
 76589 | Zot:5    | Lost mutation: You are frail. (-10% HP) [potion of
                  | mutation]
 76589 | Zot:5    | Lost mutation: You are agile. (Dex +4, Str/Int -1) [potion
                  | of mutation]
 76589 | Zot:5    | Gained mutation: You are strong-willed. (Will+) [potion of
                  | mutation]
 76589 | Zot:5    | Gained mutation: You are mostly covered in iridescent
                  | scales. (AC +4) [potion of mutation]
 76624 | Zot:5    | Got the Orb of Zot
 76810 | Depths:4 | Noticed Ypnikubb the pandemonium lord
 77318 | D:1      | Noticed Jelunum the pandemonium lord
 77319 | D:$      | Escaped with the Orb!

Illustrated notes

Levels and vault maps discovered:
D:1:      ncdulo_watergridlock, layout_rooms, minmay_cut_off
D:2:      layout_loops_cross, grunt_ministairs_3
D:3:      layout_basic
D:4:      layout_loops_ring, nicolae_hepliaklqana_hazy_memory, st_stairs_7,
          minmay_starry_boxes
D:5:      layout_basic, slow_altar_1, mainiacjoe_overflow_paths,
          serial_bayou_lagoon_a
D:6:      layout_layer_cave, mainiacjoe_overflow_boulevard,
          minmay_temple_entry_statues_fountains, minmay_statues_item
D:7:      layout_loops_ring, nicolae_overflow_hidden_temple,
          mainiacjoe_overflow_surrounded_room, hangedman_misty_isle
D:8:      layout_cave_pools, nicolae_overflow_hallway_of_the_gods,
          amcnicky_altar_gilded, ebering_dispersal_statue_hall, uniq_gastronok
D:9:      layout_roguey, erik_orc_4, kennysheep_doodads
D:10:     layout_irregular_city, mainiacjoe_overflow_chevrons,
          mainiacjoe_overflow_brackets, uniq_maggie
D:11:     layout_rooms, erik_lair_dragon
D:12:     layout_cave_pods
D:13:     layout_basic, portal_ice_cave_entry_imps, biasface_ghost_orc_armoury,
          chequers_serial_rivers_room_a
D:14:     minmay_the_grid_square_5x5_5x5_mashed
          [minmay_the_grid_square_5x5_intrusive_squares,
          minmay_the_grid_square_5x5_c, minmay_the_grid_square_5x5_six_small,
          minmay_the_grid_square_5x5_inner_v,
          minmay_the_grid_square_5x5_three_small,
          minmay_the_grid_square_5x5_inset,
          minmay_the_grid_square_5x5_prize_monsterx,
          minmay_the_grid_square_5x5_trominoes,
          minmay_the_grid_square_5x5_prize_snowflake,
          minmay_the_grid_square_5x5_moneybag,
          minmay_the_grid_square_5x5_inner_i,
          minmay_the_grid_square_5x5_minimal,
          minmay_the_grid_square_5x5_prize_junk,
          minmay_the_grid_square_5x5_slash,
          minmay_the_grid_square_5x5_two_small, minmay_the_grid_square_5x5_z,
          minmay_the_grid_square_5x5_prize_pseudospiral,
          minmay_the_grid_square_5x5_inner_z,
          minmay_the_grid_square_5x5_prize_itemx,
          minmay_the_grid_square_5x5_comb,
          minmay_the_grid_square_5x5_broken_cross,
          minmay_the_grid_square_5x5_shrine2,
          minmay_the_grid_square_5x5_n_small,
          minmay_the_grid_square_5x5_inverted_slash,
          minmay_the_grid_square_5x5_eight_small], layout_loops_ring,
          erik_vaults_2, roderic_roman_lattice,
          nicolae_ru_great_annihilating_truth
D:15:     grunt_enter_depths_hoard, layout_basic, ashenzari_altar_1,
          lemuel_blue_sif_altar
Lair:1:   minmay_guarded_unrand_snakebite, layout_chaotic_city, uniq_joseph
Lair:2:   layout_chaotic_city, minmay_shoals_entry_hut, uniq_harold, uniq_sonja
Lair:3:   layout_regular_city, minmay_snake_entry_six_corridors,
          patterned_corridor
Lair:4:   layout_long_grid, grunt_megastairs_3, uniq_rupert
Lair:5:   minmay_lair_end_enchanted_forest, layout_regular_city, slime_entry_1,
          nicolae_volcano_entry_hallway, infiniplex_staircase_pool_2,
          serial_bayou_shore_b
Shoals:1: layout_shoals, nicolae_shoals_wave_tunnel, uniq_donald
Shoals:2: layout_shoals
Shoals:3: layout_shoals, nicolae_shoals_hunting_party
Shoals:4: shoals_end_simple, layout_shoals, shoals_ilsuiw_alternative,
          serial_shops, nicolae_diamond_shop, nicolae_shoals_gull_way
Snake:1:  layout_misc_corridors, ebering_ghost_disaster_area,
          grunt_ministairs_14, serial_bayou_shore_b
Snake:2:  layout_rooms, basic_altar, drop_trap, minmay_shop_star, uniq_azrael,
          uniq_vashnia, uniq_louise
Snake:3:  cheibrodos_snake_ritualist_ritual, layout_basic, drop_trap,
          grunt_megastairs_5, minmay_shoptagon
Snake:4:  johnstein_snake_rune_scales, layout_onion_interference,
          nicolae_triple_integral, uniq_aizul
Slime:1:  nicolae_slime_pool, layout_caves
Slime:2:  layout_caves
Slime:3:  layout_caves, cheibrodos_slime_lost_civilization_7
Slime:4:  layout_caves, dissolution_awaits
Slime:5:  slime_pit_nicolae_inversion
Orc:1:    layout_caves, ebering_ghost_inner_flame
Orc:2:    st_orc_rangers, layout_diamond_mine, nicolae_orc_crystal_seam,
          mines5_lemuel, uniq_nessos, uniq_erolcha
Elf:1:    nicolae_elf_arrival_aired_out, layout_gridlike, serial_shops,
          bzr_entry_islet, nicolae_elf_shapeshifter_party
Elf:2:    elven_hall_of_blades_hangedman_original
          [nicolae_blade_entry_sentries_behind_glass], layout_loops_cross
Elf:3:    grunt_elf_hall_asides, layout_geoelf_octagon, serial_shops, shop
Vaults:1: nicolae_vaults_inception_corners, v_misc_25, nicolae_vaults_two_Ls,
          grunt_vaults_hallway_long, hangedman_vaults_trim, vaults_room_pool,
          v_misc_27, layout_vaults_omnigrid, uniq_asterion, uniq_nikola
Vaults:2: v_rooms_4, v_misc_27, minmay_crypt_entry_necro_gods,
          ontoclasm_vaults_pinch, nicolae_vaults_ninety_degrees,
          vaults_mumra_lcd, kb_rosetta, v_misc_17, nicolae_vaults_big_ls,
          nicolae_vaults_little_squares_4, nicolae_vaults_six-pack,
          nicolae_vaults_trapezoid_3, nicolae_vaults_specimen_jars,
          vaults_mumra_hexcomb, layout_vaults_omnicross,
          nicolae_trove_entry_path_of_doom
Vaults:3: ontoclasm_vaults_twist, v_misc_3, ontoclasm_vaults_hangar,
          nicolae_vaults_shelves_hall, ontoclasm_vaults_ligature,
          vaults_room_door_ring, v_pattern_3, nicolae_vaults_turnstiles,
          dpeg_vaults_monster_row, nicolae_vaults_doubleplus_tesselated,
          nicolae_vaults_shelves_hall, nicolae_vaults_border_crossing,
          layout_vaults_maze_snakey, uniq_saint_roka
Vaults:4: ebering_ghost_rock_garden, hangedman_vaults_stream,
          nicolae_vaults_closet_pinwheel_5, nicolae_vaults_little_squares_3,
          v_misc_19, nicolae_vaults_closet_pinwheel_4,
          grunt_vaults_hallway_short, nicolae_vaults_yaktaur_gun_rack, v_misc_5,
          layout_vaults_big_room, serial_shops, bzr_entry_dummy
Vaults:5: serial_shops
Crypt:1:  layout_chaotic_city
Crypt:2:  layout_misc_corridors, gammafunk_ghost_abyssal_escape,
          st_small_mortuary
Crypt:3:  cryptofortress_bobbens, uniq_bai_suzhen
Depths:1: hellmonk_paralyzer, layout_basic, enter_ziggurat_a,
          hangedman_coc_ice_floe, serial_shops, nicolae_shop_trees, abyss_entry,
          grunt_ministairs_15, kennysheep_generic_room_8
Depths:2: nzn_winding_woodlands_huge [nzn_winding_woodlands_5x15_sidewinder,
          nzn_winding_woodlands_5x15_lazy_stream,
          nzn_winding_woodlands_5x15_garden,
          nzn_winding_woodlands_5x15_concentric,
          nzn_winding_woodlands_5x15_twine, nzn_winding_woodlands_5x15_parted,
          nzn_winding_woodlands_5x15_pockets, nzn_winding_woodlands_5x15_eye,
          nzn_winding_woodlands_5x15_split_checker,
          nzn_winding_woodlands_5x15_jagged,
          nzn_winding_woodlands_center_garden,
          nzn_winding_woodlands_center_triple_pond,
          nzn_winding_woodlands_15x15_killbox], layout_gridville,
          solitary_fountain, grunt_pan_entry_in_and_out, abyss_entry, hell_entry
Depths:3: hangedman_spin_cycle, abyss_entry, serial_shops, hell_entry
Depths:4: grunt_zot_entry_pinwheel, layout_cave_shapes, abyss_entry,
          lightli_too_deep, infiniplex_enter_wizlab_water,
          minmay_serpent_palace, serial_bayou_shore_b
Zot:1:    regret_index_all_hallows'_manor, layout_cathedral_of_symmetry,
          regret_index_zotdec_gossamer_parallel, nzn_random_ring
Zot:2:    hangedman_snap_crack_crunch, layout_concentric_octagons,
          grunt_ministairs_7, uniq_grunn
Zot:3:    kennysheep_oblong_rooms, layout_concentric_octagons
Zot:4:    layout_concentric_octagons, regret_index_zotdec_wing_it
Zot:5:    layout_misc_corridors, drop_trap, grunt_ministairs_7, st_stairs_12

Skill      XL: |  1  2  3  4  5  6  7  8  9 10 11 12 13 14 15 16 17 18 19 20 21 22 23 24 25 26 27 |
---------------+----------------------------------------------------------------------------------+-----
Summonings     | 4 5 7 8 9 10 11 12 13 15 16 17 | 17.3
Spellcasting   | 3 4 5 6 7 8 9 11 14 15 17 | 17.0
Fighting       | 3 5 7 8 9 11 12 13 15 17 18 19 21 22 | 22.0
Air Magic      | 2 4 5 |  5.0
Evocations     | 1 2 4 8 |  8.1
Dodging        | 5 7 9 10 | 10.0
Unarmed Combat | 3 9 11 13 15 16 17 18 20 21 22 | 22.0
Invocations    | 5 6 7 8 11 13 14 22 | 22.9
Shapeshifting  | 1 6 10 14 16 | 16.0
Translocations | 3 6 8 10 11 | 11.0
Shields        | 4 9 12 14 15 17 | 17.1
Stealth        | |  1.4

Action                     |  1- 3 |  4- 6 |  7- 9 | 10-12 | 13-15 | 16-18 | 19-21 | 22-24 | 25-27 || total
---------------------------+-------+-------+-------+-------+-------+-------+-------+-------+-------++-------
  Melee: Unarmed           |    22 |       |       |   123 |   596 |   853 |   804 |   905 |   935 ||  4238
         Headbutt          |    25 |    12 |    28 |    69 |   154 |   175 |   192 |   254 |   275 ||  1184
         Dagger            |   121 |    15 |       |       |       |       |       |       |       ||   136
         Punch             |     1 |       |     1 |    16 |    52 |    58 |       |       |       ||   128
         Great sword       |       |    46 |    59 |       |       |       |       |       |       ||   105
         Trident           |       |       |   108 |   173 |       |       |       |       |       ||   281
         Flail             |       |       |     2 |       |       |       |       |       |       ||     2
   Fire: Sling             |    18 |       |       |       |       |       |       |       |       ||    18
  Throw: Dart              |       |       |       |     9 |     6 |     3 |       |       |       ||    18
   Cast: Summon Small Mamm |    13 |       |       |       |       |       |       |       |       ||    13
         Call Imp          |    11 |    11 |    29 |    31 |     2 |     2 |       |       |       ||    86
         Call Canine Famil |     1 |    10 |    21 |    24 |     1 |     3 |       |       |       ||    60
         Summon Lightning  |       |       |     2 |    30 |    40 |    25 |     2 |     7 |     2 ||   108
         Lesser Beckoning  |       |       |       |       |       |     6 |       |       |       ||     6
         Blink             |       |       |       |       |       |     1 |       |       |     2 ||     3
         Summon Forest     |       |       |       |       |       |    12 |     5 |     5 |     8 ||    30
         Malign Gateway    |       |       |       |       |       |       |       |       |     9 ||     9
 Invoke: Recall Ancestor   |       |       |     2 |     7 |    14 |    26 |     4 |     4 |     8 ||    65
         Ancestor Life: Ba |       |       |     1 |       |       |       |       |       |       ||     1
         Idealise          |       |       |       |     1 |     9 |    13 |     3 |     5 |     9 ||    40
  Evoke: Wand              |       |       |     3 |     6 |    14 |    11 |     5 |     3 |    10 ||    52
         Box of beasts     |       |       |       |       |     2 |     2 |       |       |       ||     4
         Phantom mirror    |       |       |       |       |     1 |     2 |       |       |       ||     3
         Lightning rod     |       |       |       |       |       |     7 |     1 |       |     3 ||    11
         Condenser vane    |       |       |       |       |       |       |     3 |       |     2 ||     5
    Use: Scroll            |     3 |     1 |       |    15 |     6 |    13 |     5 |     9 |    22 ||    74
         Potion            |     1 |       |     2 |     1 |       |     9 |     3 |     8 |    23 ||    47
   Stab: Distracted        |     1 |       |     3 |     6 |    12 |    17 |    17 |    29 |    29 ||   114
         Sleeping          |     3 |     2 |     3 |     1 |     3 |     1 |     2 |       |       ||    15
         Betrayed ally     |       |       |     1 |       |       |     1 |       |       |       ||     2
         Invisible         |       |       |       |       |     1 |     3 |       |     7 |     3 ||    14
         Confused          |       |       |       |       |       |       |     1 |       |       ||     1
         Paralysed         |       |       |       |       |       |       |       |       |     1 ||     1
 Armour: Robe              |   118 |    51 |   152 |    49 |       |   164 |       |       |       ||   534
         Troll leather arm |       |       |       |    37 |       |    80 |       |       |       ||   117
         Steam dragon scal |       |       |       |   111 |   431 |   135 |       |       |       ||   677
         Skin              |       |       |       |       |       |   264 |   968 |   872 |   916 ||  3020
  Dodge: Dodged            |    73 |    33 |    88 |   189 |   415 |   585 |   756 |   579 |   507 ||  3225
         Repelled          |       |       |       |       |       |     2 |       |       |       ||     2
  Block: Kite shield       |       |       |       |       |       |   158 |   924 |   789 |   619 ||  2490
         Tower shield      |       |       |       |       |       |       |       |       |   357 ||   357
         Form:             |       |       |       |       |       |     1 |       |     1 |       ||     2
         Statue            |       |       |       |       |       |     1 |       |     1 |       ||     2
         Blade             |       |       |       |       |       |     1 |       |       |       ||     1
         Maw               |       |       |       |       |       |     1 |       |       |       ||     1
